 Dungeon Crawl Stone Soup version 0.27-a0-1189-gb8eb6cee8e (webtiles) character file.

Game seed: 1862388526006558141

5750 armax the Blocker (level 10, -2/89 (91) HPs)
             Began as a Deep Dwarf Fighter on May 22, 2021.
             Was a High Priest of Ru.
             Slain by an orc
             ... wielding a +0 halberd
              (4 damage)
             ... in a bailey.
             The game lasted 00:06:40 (6707 turns).

armax the Blocker (Deep Dwarf Fighter)              Turns: 6707, Time: 00:06:41

HP:   -2/89 (91)    AC: 13    Str: 23    XL:     10   Next: 49%
MP:   7/7           EV:  5    Int:  9    God:    Ru [*****.]
Gold: 532           SH: 12    Dex: 12    Spells: 9/9 levels left

rFire    x . .     SeeInvis .   r - +2 war axe (vamp)
rCold    x . .     Faith    .   c - +0 kite shield
rNeg     . . .     Spirit   .   k - +0 plate armour
rPois    .         Reflect  .   (no helmet)
rElec    .         Harm     .   (no cloak)
rCorr    .         Rampage  .   (no gloves)
Will     +....                  (no boots)
Stlth    ..........             (no amulet)
HPRegen  0.00/turn              (no ring)
MPRegen  0.10/turn              (no ring)

@: lightly drained
A: damage resistance, heal wounds, sense surroundings 2, inability to use
devices, unskilled 1, temperature sensitive, no regeneration
a: Heal Wounds, Renounce Religion, Draw Out Power, Power Leap, Apocalypse


You were in a bailey.
You worshipped Ru.
Ru was extremely pleased with you.
You visited 1 branch of the dungeon, and saw 9 of its levels.
You also visited: Sewer and Bailey.

You collected 532 gold pieces.

Inventory:

Hand Weapons
 a - a +0 war axe
 r - a +2 vampiric war axe (weapon)
Missiles
 v - 4 atropa-tipped darts
 x - a throwing net
Armour
 b - a +0 scale mail
 c - a +0 kite shield (worn)
 k - a +0 plate armour (worn)
Scrolls
 e - 2 scrolls of vulnerability
 f - a scroll of immolation
 g - 2 scrolls of fear
 i - a scroll of amnesia {unknown}
 p - a scroll of enchant armour {unknown}
 s - 2 scrolls of fog
 t - 2 scrolls of teleportation {@r3}
 A - a scroll of acquirement {unknown}
 B - a scroll of magic mapping {unknown}
 C - a scroll of brand weapon {unknown}
Potions
 d - 3 potions of might {@q3}
 h - 5 potions of haste {@q4}
 j - 2 potions of magic
 l - 5 potions of heal wounds {@q2}
 n - a potion of resistance {@q5}
 o - a potion of degeneration {unknown}
 q - 6 potions of curing {@q1}
 u - 2 potions of ambrosia
 w - a potion of brilliance {unknown}
 y - 2 potions of flight
 z - 2 potions of berserk rage


   Skills:
 + Level 6.0 Fighting
 * Level 9.5 Axes
 + Level 7.1 Armour
 + Level 9.5 Shields


You had 9 spell levels left.
You didn't know any spells.
Your spell library was empty.

Dungeon Overview and Level Annotations

Branches:
Dungeon (9/15)             Temple (0/1) D:4            Lair (0/6) D:8
  Sewer (visited)          Bailey (1/1)
    Orc: D:9-12

Altars:
Elyvilon
Gozag
Kikubaaqudgha
Ru
Trog
Vehumet
Xom


Innate Abilities, Weirdness & Mutations

You are resistant to damage.
You can heal yourself by infusing magical energy.
You passively map the area around you.
You cannot study or use magical devices.
You are somewhat unskilled. (-1 Apt)
You are sensitive to extremes of temperature. (rF-, rC-)
You do not regenerate.


Message History

You are too injured to fight recklessly!
You are too injured to fight recklessly!
You are too injured to fight recklessly!
You are too injured to fight recklessly!
Unknown command.
You closely miss the orc warrior. You hit the orc.
You feel better.
You closely miss the orc warrior. You hit the orc.
You feel better.
The orc warrior stops glowing.
You block the orc warrior's attack. The orc hits you but does no damage.
The orc hits you from afar with a +0 halberd.
You block the orc's attack. The orc hits you with a +0 halberd.
You focus your inner power and blind the orc in retribution!
The orc warrior barely misses you. You block the orc's attack.
The orc warrior hits you with a +0 halberd.
The orc hits you from afar with a +0 halberd.
You closely miss the orc warrior.
You catch the helpless orc completely off-guard!
You hit the orc.
You feel better.
You kill the orc!
You hit the orc warrior. You hit the orc.
You feel better. You block the orc's attack. The orc warrior barely misses you.
You block the orc's attack.
The orc warrior is stunned by your conviction and fails to attack.
The orc barely misses you. The orc hits you but does no damage.
You miss the orc warrior. You barely miss the orc.
You strike the helpless orc warrior from behind!
You slash the orc warrior!
You feel better.
You barely miss the orc.
The orc warrior is no longer blind.
The orc hits you but does no damage. You block the orc warrior's attack.
The orc hits you but does no damage. x2
The orc warrior hits you with a +0 halberd.
The orc hits you but does no damage. The orc barely misses you.
You hit the orc warrior but do no damage.
You hit the orc. You hit the orc warrior.
You feel better.
You closely miss the orc. You block the orc's attack.
The orc warrior hits you with a +0 halberd!
The orc hits you but does no damage. You block the orc warrior's attack.
The orc barely misses you.
The orc hits you from afar with a +0 halberd!
* * * LOW HITPOINT WARNING * * *
You miss the orc warrior. You hit the orc.
You feel better.
You closely miss the orc warrior. You hit the orc but do no damage.
You block the orc's attack.
The orc is stunned by your conviction and fails to attack.
The orc warrior hits you with a +0 halberd.
The orc barely misses you. You block the orc warrior's attack.
The orc hits you from afar with a +0 halberd!
* * * LOW HITPOINT WARNING * * *
You block the orc's attack.
You fail to use your ability.
You redirect the orc's attack!
The orc barely misses the orc warrior.
You block the orc's attack. The orc completely misses you.
You block the orc warrior's attack. The orc hits you but does no damage.
The orc warrior is stunned by your conviction and fails to attack.
The orc barely misses you. x2
Your plate armour prevents you from hitting the orc warrior.
You slash the orc!
You feel better.
You kill the orc!
You hit the orc warrior. You completely miss the orc.
The orc hits you with a +0 war axe. You block the orc warrior's attack.
The orc hits you but does no damage.
The orc warrior hits you with a +0 halberd!
* * * LOW HITPOINT WARNING * * *
You block the orc's attack. The orc barely misses you.
You redirect the orc warrior's attack!
The orc warrior hits itself with a +0 halberd!
The orc warrior dies!
The orc hits you with a +0 war axe.
Your Fighting skill increases to level 6!
You closely miss the orc warrior. You hit the orc.
You kill the orc!
You feel less exhausted. You block the orc's attack.
The orc warrior hits you with a +0 halberd.
The orc hits you but does no damage. x2; You block the orc's attack.
You hit the orc warrior.
You feel better. You block the orc warrior's attack.
The orc hits you but does no damage. The orc barely misses you. x2
You block the orc warrior's attack.
You slash the orc warrior!
You feel better.
The orc hits you from afar with a +0 halberd.
* * * LOW HITPOINT WARNING * * *
The orc hits you but does no damage. You block the orc's attack.
The orc warrior hits you with a +0 halberd.
* * * LOW HITPOINT WARNING * * *
The orc hits you but does no damage.
You slash the orc warrior!
The orc hits you from afar with a +0 halberd.
You block the orc's attack.
The orc warrior hits you with a +0 halberd!
* * * LOW HITPOINT WARNING * * *
You focus your inner power and blind the orc warrior in retribution!
The orc hits you but does no damage. x2
You slash the orc warrior!
You feel better.
You kill the orc warrior!
The orc hits you from afar with a +0 halberd!
* * * LOW HITPOINT WARNING * * *
You block the orc's attack. x2
You block the orc's attack.
The orc hits you from afar with a +0 halberd!
You die...

* ############
, , ,
##.o......∩.##
, *
#...)))......#
, ,
,#...@).......#
,
+..o.)))....∩#
, ,,
#...o........#
, *
#............#
,*
##........∩.##
* ############


You could see 3 orcs.

Vanquished Creatures
  2 two-headed ogres
  Grinder (D:4)
  4 yaks (D:8)
  A water moccasin (D:9)
  3 orc warriors
  3 sky beasts
  An ice beast (D:5)
  4 black bears
  An ogre (D:5)
  A necrophage (D:6)
  3 centaurs
  A phantom (D:5)
  3 kobold brigands
  Blork the orc (D:4)
  4 bullfrogs
  A gnoll sergeant (D:8)
  2 scorpions
  2 water moccasin zombies (D:6)
  A wyvern zombie (D:6)
  8 wights
  2 howler monkeys
  A centaur zombie (D:9)
  3 orc priests
  A hound (D:5)
  4 iguanas
  A scorpion zombie (D:5)
  An orc wizard (D:5)
  2 howler monkey zombies
  12 adders
  13 gnolls
  A howler monkey skeleton (D:3)
  A white imp (D:7)
  An ufetubus (D:5)
  An adder zombie (D:5)
  2 adder skeletons (D:4)
  4 worms
  3 dart slugs
  23 orcs
  9 ball pythons
  6 endoplasms
  3 giant cockroaches
  8 hobgoblins
  23 jackals
  23 kobolds
  9 quokkas
  5 bats
  5 frilled lizards
  10 goblins
  11 rats
235 creatures vanquished.

Vanquished Creatures (others)
  2 orc warriors
  A wyvern skeleton (D:7)
  An orc priest (D:8)
  An adder (Sewer)
  A goblin (D:4)
  5 fungi (D:8)
  29 plants
40 creatures vanquished.

Grand Total: 275 creatures vanquished

Notes
Turn   | Place    | Note
-------+----------+-------------------------------------------
     0 | D:1      | armax the Deep Dwarf Fighter began the quest for the Orb.
     0 | D:1      | Reached XP level 1. HP: 20/20 MP: 1/1
   280 | D:1      | Reached XP level 2. HP: 21/27 MP: 2/2
   965 | D:2      | Reached XP level 3. HP: 19/33 MP: 3/3
  1304 | D:2      | Reached XP level 4. HP: 29/42 MP: 4/4
  1455 | D:2      | Found an opulent altar of Gozag.
  1471 | D:2      | Found a faded altar of an unknown god.
  1702 | D:2      | Became a worshipper of Ru the Awakened
  1713 | D:2      | Gained mutation: You are somewhat unskilled. (-1 Apt) [Ru
                  | sacrifice]
  1713 | D:2      | Reached * piety under Ru
  2337 | D:3      | Found a radiant altar of Vehumet.
  2414 | D:3      | Reached XP level 5. HP: 43/49 MP: 4/4
  2623 | D:4      | Noticed Blork the orc
  2632 | D:4      | Killed Blork the orc
  2659 | D:4      | Found a staircase to the Ecumenical Temple.
  2750 | D:4      | Reached XP level 6. HP: 33/56 MP: 5/5
  2821 | D:4      | Noticed Grinder
  2831 | D:4      | Paralysed by Grinder for 6 turns
  2858 | D:4      | Killed Grinder
  2859 | D:4      | Reached skill level 5 in Shields
  3024 | D:4      | Found a shimmering altar of Xom.
  3085 | D:4      | Found a bloodstained altar of Trog.
  3153 | D:5      | Entered Level 5 of the Dungeon
  3190 | D:5      | Noticed a sky beast
  3191 | D:5      | Reached XP level 7. HP: 48/62 MP: 6/6
  3215 | D:5      | Found an ancient bone altar of Kikubaaqudgha.
  3255 | D:5      | Reached skill level 5 in Axes
  3556 | D:5      | Found a glowing drain.
  3570 | D:5      | Gained mutation: You cannot study or use magical devices.
                  | [Ru sacrifice]
  3570 | D:5      | Reached ** piety under Ru
  3570 | D:5      | Reached *** piety under Ru
  3575 | Sewer    | Entered a sewer
  3600 | Sewer    | Reached XP level 8. HP: 61/72 MP: 7/7
  4564 | D:5      | Reached skill level 5 in Armour
  4794 | D:6      | Found an opulent altar of Gozag.
  5298 | D:7      | Gained mutation: You passively map the area around you.
                  | [Deep Dwarf growth]
  5298 | D:7      | Reached XP level 9. HP: 42/79 MP: 8/8
  5363 | D:7      | Identified the +7 long sword "Sawkop" {vorpal, rN+ Will+
                  | Dex+4}
  5743 | D:8      | Found a white marble altar of Elyvilon.
  5902 | D:8      | Reached skill level 5 in Fighting
  6152 | D:8      | Found a staircase to the Lair.
  6294 | D:8      | Reached XP level 10. HP: 84/88 MP: 9/9
  6343 | D:8      | Noticed a two-headed ogre
  6363 | D:8      | Killed a two-headed ogre
  6525 | D:9      | Noticed a two-headed ogre
  6536 | D:9      | Killed a two-headed ogre
  6546 | D:9      | Gained mutation: You are sensitive to extremes of
                  | temperature. (rF-, rC-) [Ru sacrifice]
  6546 | D:9      | Reached **** piety under Ru
  6546 | D:9      | Reached ***** piety under Ru
  6665 | D:9      | Found a flagged portal.
  6679 | Bailey   | Entered a bailey
  6705 | Bailey   | HP: 3/88 [orc warrior/+0 halberd (9)]
  6707 | Bailey   | Slain by an orc

Illustrated notes

Levels and vault maps discovered:
D:1:      minmay_arrival_stone_box, layout_loops_corners
D:2:      minmay_alternating_diamond, layout_basic,
          shapermc_ecumenical_altar_totnotflames, basic_altar,
          chequers_serial_rivers_marsh, grunt_decor_cap, minmay_misc_feat_doors,
          st_stairs_13, minmay_box_of_dots
D:3:      layout_basic, general_overflow_altar
D:4:      layout_rooms, trog_hazing_becter, marbit_many_paths, temple_statues,
          uniq_grinder, uniq_blork_the_orc
D:5:      layout_loops_corners, nicolae_overflow_crystal_walls,
          portal_sewer_entry_a, mrwooster_statue_mirror
D:6:      layout_cave_pools, amcnicky_altar_gilded
D:7:      layout_rooms
D:8:      layout_basic, elyvilon_altar_1, grunt_lair_entry_orc_guard_hut,
          kennysheep_generic_room_12
D:9:      layout_small_grid, old_standard_altar, enter_bailey_4,
          lightli_orcish_oven
Bailey:   bailey_polearm_5, bailey

Skill      XL: |  1  2  3  4  5  6  7  8  9 10 |
---------------+-------------------------------+-----
Axes           | 3 4 5 7 8 9 |  9.5
Fighting       | 3 3 4 5 6 |  6.0
Shields        | 4 4 5 6 7 9 |  9.5
Armour         | 4 5 6 7 |  7.1

Action                   |  1- 3 |  4- 6 |  7- 9 | 10-12 || total
-------------------------+-------+-------+-------+-------++-------
Melee: War axe           |   135 |   162 |   473 |    85 ||   855
Invok: Sacrifice Skill   |       |     1 |       |       ||     1
       Sacrifice Artific |       |       |     1 |       ||     1
       Draw Out Power    |       |       |       |     2 ||     2
       Sacrifice Resista |       |       |       |     1 ||     1
 Abil: Heal Wounds       |     1 |     2 |     9 |     6 ||    18
  Use: Scroll            |       |       |     9 |     6 ||    15
 Stab: Invisible         |       |       |     1 |     2 ||     3
       Distracted        |       |       |     1 |       ||     1
Armor: Scale mail        |    60 |    48 |       |       ||   108
       Plate armour      |       |    31 |   337 |    69 ||   437
Dodge: Dodged            |    42 |    39 |   101 |    36 ||   218
Block: Kite shield       |    81 |   108 |   319 |    96 ||   604

Table legend: (Time is in decaauts)
 A = Elapsed time spent in this place.
 B = Non-inter-level travel time spent in this place.
 C = Inter-level travel time spent in this place.
 D = Time resting spent in this place.
 E = Time spent auto-exploring this place.
 F = Levels seen in this place.
 G = Mean time per level.
                   A        B        C        D        E       F      G
               +--------+--------+--------+--------+--------+-----+--------+
         Total |   7203 |   6965 |    238 |      0 |   5181 |  11 |  654.8 |
       Dungeon |   6425 |   6187 |    238 |      0 |   4587 |   9 |  713.9 |
         Sewer |    747 |    747 |      0 |      0 |    591 |   1 |  747.0 |
        Bailey |     30 |     30 |      0 |      0 |      2 |   1 |   30.0 |
               +--------+--------+--------+--------+--------+-----+--------+

Top non-repeatable levels by time:
     D:5: 1017 daAuts
     D:1: 1003 daAuts
     D:3: 899 daAuts
     D:2: 841 daAuts
     D:8: 833 daAuts
   Sewer: 747 daAuts
     D:4: 576 daAuts
     D:6: 525 daAuts
     D:7: 508 daAuts
     D:9: 220 daAuts
  Bailey: 30 daAuts
